 Dungeon Crawl Stone Soup version 0.27-a0-1317-gd1140b374c (webtiles) character file.

Game seed: 13658336498757089284

18 27snakeeyes612 the Skirmisher (level 2, -1/28 HPs)
             Began as a Minotaur Berserker on June 21, 2021.
             Was a Follower of Trog.
             Slain by a gnoll (9 damage)
             ... on level 2 of the Dungeon.
             The game lasted 00:00:55 (993 turns).

27snakeeyes612 the Skirmisher (Minotaur Berserker)   Turns: 993, Time: 00:00:56

Health: -1/28      AC:  5    Str: 21    XL:     2   Next: 48%
Magic:  1/1        EV: 10    Int:  4    God:    Trog [*.....]
Gold:   48         SH:  2    Dex:  9    Spells: 1/1 levels left

rFire    . . .     SeeInvis .   a - +0 hand axe
rCold    . . .     Faith    .   i - +0 buckler
rNeg     . . .     Spirit   .   g - +0 ring mail
rPois    .         Reflect  .   (helmet restricted)
rElec    .         Harm     .   (no cloak)
rCorr    .         Rampage  .   (no gloves)
Will     .....                  (no boots)
Stlth    ..........             (no amulet)
HPRegen  0.09/turn              (no ring)
MPRegen  0.07/turn              (no ring)

@: no status effects
A: horns 2, retaliatory headbutt
a: Renounce Religion, Berserk


You were on level 2 of the Dungeon.
You worshipped Trog.
Trog was aware of your devotion.
You visited 1 branch of the dungeon, and saw 2 of its levels.

You collected 48 gold pieces.

Inventory:

Hand Weapons
 a - a +0 hand axe (weapon)
Missiles
 f - 41 stones (quivered)
 h - 14 bolts
Armour
 b - a +0 animal skin
 g - a +0 ring mail (worn)
 i - a +0 buckler (worn)
Jewellery
 d - an amulet of guardian spirit
Scrolls
 e - a scroll of enchant weapon {unknown}
 j - 2 scrolls of magic mapping {unknown}
Potions
 c - a potion of flight {unknown}


   Skills:
 + Level 4.4 Fighting
 + Level 3.7 Axes
 + Level 2.6 Armour
 + Level 2.2 Dodging


You had one spell level left.
You didn't know any spells.
Your spell library was empty.

Dungeon Overview and Level Annotations

Branches:
Dungeon (2/15)

Altars:


Innate Abilities, Weirdness & Mutations

You have a pair of horns on your head.
You reflexively headbutt those who attack you in melee.


Message History

The goblin hits you with a +0 club.
You slash the goblin!
You kill the goblin!
Trog accepts your kill.
You have reached level 2!
HP restored.
f - 38 stones (gained 1)
Things that are here:
a +0 club; a goblin corpse You enter the shallow water.
Moving in this stuff is going to be slow.
f - 42 stones (gained 4)
A gnoll comes into view. It is wielding a +0 whip.
The gnoll shouts!
A gnoll is nearby!
A gnoll is nearby!
You throw a stone. The stone hits the gnoll.
The gnoll is lightly wounded.
A gnoll comes into view. It is wielding a +0 halberd.
The gnoll shouts!
You hit the gnoll.
The gnoll is moderately wounded.
The gnoll hits you with a +0 whip.
You slash the gnoll!
The gnoll is almost dead.
The gnoll hits you with a +0 whip.
You closely miss the gnoll. You headbutt the gnoll.
You kill the gnoll!
Trog accepts your kill. The gnoll closely misses you.
A gnoll comes into view. It is wielding a +0 spear.
The gnoll hits you with a +0 halberd.
You see here a +0 whip.
The gnoll shouts!
You hit the gnoll. Your headbutt misses the gnoll.
The gnoll is heavily wounded.
The gnoll hits you with a +0 halberd!
* * * LOW HITPOINT WARNING * * *
The gnoll hits you from afar with a +0 halberd!
You die...

#.# #.# #.# ### #<#
..# #.####.# #.#
#......# #g#
#.####.##### #g#
##†#........###)#
###....##.......@.#
.......##.###.#####
###...## #.#
##.####.# #.#
#......# #.#
#.###### #.# ##'##
#.# ##...## #.#
##.....## #.##


You could see 2 gnolls.

Vanquished Creatures
  A gnoll (D:2)
  A bat (D:1)
  An endoplasm (D:1)
  2 goblins
  4 rats
9 creatures vanquished.

Notes
Turn   | Place    | Note
-------+----------+-------------------------------------------
     0 | D:1      | 27snakeeyes612 the Minotaur Berserker began the quest for
                  | the Orb.
     0 | D:1      | Reached XP level 1. HP: 19/19 MP: 0/0
   830 | D:2      | Reached skill level 4 in Fighting
   856 | D:2      | Reached XP level 2. HP: 22/27 MP: 1/1
   993 | D:2      | Slain by a gnoll

Illustrated notes

Levels and vault maps discovered:
D:1:      heliophobic_arrival_battle_scene, layout_loops_ring,
          hangedman_decor_growths
D:2:      layout_loops_corners, shapermc_ecumenical_altar_notcrosses,
          serial_park_tiny_pond, uniq_robin, uniq_crazy_yiuf_cottage,
          uniq_sigmund

Skill      XL: |  1 |
---------------+----+-----
Fighting       | 4 |  4.4
Axes           | |  3.7
Armour         | |  2.6
Dodging        | |  2.2

Action                   || total
-------------------------++-------
Melee: Hand axe          ||    15
       Headbutt          ||     2
Throw: Stone             ||     9
Invok: Berserk           ||     2
Armor: Animal skin       ||     5
Dodge: Dodged            ||     8
Block: Buckler           ||     1

Table legend: (Time is in decaauts)
 A = Elapsed time spent in this place.
 B = Non-inter-level travel time spent in this place.
 C = Inter-level travel time spent in this place.
 D = Time resting spent in this place.
 E = Time spent auto-exploring this place.
 F = Levels seen in this place.
 G = Mean time per level.
                   A        B        C        D        E       F      G
               +--------+--------+--------+--------+--------+-----+--------+
         Total |   1024 |    967 |     57 |     44 |    723 |   2 |  512.0 |
       Dungeon |   1024 |    967 |     57 |     44 |    723 |   2 |  512.0 |
               +--------+--------+--------+--------+--------+-----+--------+

Top non-repeatable levels by time:
     D:1: 853 daAuts
     D:2: 170 daAuts
